Map: Dusty Gorge

Players

MathTheNem

  • Race: Protoss Protoss
  • Spawn Location: 11:00

Neio

  • Race: Terran Terran
  • Spawn Location: 9:00

Massa - Winner!

  • Race: Terran Terran
  • League: Gold
  • Spawn Location: 3:00

qqq - Winner!

  • Race: Zerg Zerg
  • League: Platinum
  • Spawn Location: 5:00

VOD

Have the link to the VOD?

Description

Time

  • Played on: April 29, 2020, 2:47 p.m.
  • Length: 7:02
Show
View Real Time Build Order
Export as new Build Order

MathTheNem Protoss 

Build Orders: 1 Gate Expand 

Get SALT Encoding   

  12  0:01  Probe (Chrono Boost)  
  13  0:12  Probe (Chrono Boost)  
  14  0:19  Pylon  
  14  0:24  Probe  
  15  0:37  Probe  
  15  0:41  Gateway  
  16  0:50  Probe  
  17  1:02  Probe (Chrono Boost)  
  18  1:15  Probe (Chrono Boost)  
  19  1:25  Nexus  
  19  1:28  Probe  
  20  1:38  Forge  
  20  1:45  Probe  
  21  1:47  Assimilator  
  21  1:57  Probe  
  22  2:09  Probe  
  22  2:15  Pylon  
  22  2:21  Probe  
  23  2:23  Gateway  
  23  2:27  Pylon  
  23  2:34  Zealot  
  25  2:37  Gateway  
  25  2:44  Probe x2  
  27  2:52  Assimilator  
  27  2:56  Probe (Chrono Boost)  
  28  3:00  Probe (Chrono Boost)  
  28  3:01  Zealot  
  31  3:13  Zealot  
  33  3:26  Zealot  
  35  3:28  Zealot  
  35  3:31  Cybernetics Core  
  37  3:34  Gateway  
  35  3:45  Zealot  
  35  3:47  Gateway  
  35  4:02  Zealot  
  37  4:03  Zealot  
  37  4:12  Photon Cannon, Stalker  
  37  4:22  Pylon  
  37  4:24  Stalker  
  37  4:28  Warp Gate  
  37  4:29  Stalker  
  41  4:31  Probe  
  38  4:42  Photon Cannon  
  38  4:47  Stalker  
  38  5:02  Stalker  
  38  5:03  Stalker  
  40  5:19  Stalker  
  40  5:20  Stalker  
  38  5:38  Stalker  
  40  5:43  Assimilator  
  40  5:47  Assimilator  
  33  6:11  Robotics Facility  
  33  6:12  Photon Cannon  
  33  6:17  Photon Cannon  
  33  6:25  Probe  
  34  6:31  Stalker x2  
  34  6:32  Stalker  
  36  6:37  Probe  
  35  6:46  Stalker  
  35  6:47  Stalker  
  37  6:49  Probe  
Show
View Real Time Build Order
Export as new Build Order

Neio Terran 

Build Orders:  

Get SALT Encoding   

  12  0:00  SCV  
  13  0:15  Supply Depot  
  13  0:18  SCV  
  14  0:30  SCV  
  15  0:37  Barracks  
  15  0:42  SCV  
  16  0:55  SCV  
  17  1:07  SCV  
  18  1:19  Command Center  
  18  1:26  Supply Depot  
  18  1:29  Marine  
  18  1:32  SCV  
  20  1:46  Refinery  
  20  1:49  Barracks  
  20  1:50  SCV  
  20  1:54  Marine  
  22  2:05  Orbital Command  
  22  2:15  Marine  
  23  2:16  Refinery  
  23  2:30  Bunker  
  23  2:33  Marine  
  24  2:50  Marine  
  24  2:51  Marine  
  26  2:52  Factory  
  25  3:04  SCV  
  25  3:05  Orbital Command  
  20  3:22  Marine x2  
  21  3:30  SCV  
  21  3:33  SCV, Barracks  
  23  3:35  Factory Tech Lab  
  23  3:40  Bunker  
  23  3:42  SCV  
  23  3:45  SCV  
  23  3:47  Marine  
  23  3:48  Marine  
  27  3:54  SCV  
  24  4:05  Marine x2  
  26  4:16  Barracks  
  21  4:21  Barracks  
  21  4:23  Marine  
  20  4:35  Hellion  
  20  4:39  Orbital Command  
  19  4:56  Hellion  
  14  5:17  Hellion  
  16  5:21  SCV  
  16  5:39  Orbital Command, Hellion  
    6:35  SCV  
  1  6:47  SCV  
Show
View Real Time Build Order
Export as new Build Order

Massa Terran - Winner!

Build Orders:  

Get SALT Encoding   

  12  0:11  Supply Depot  
  12  0:13  SCV  
  13  0:25  SCV  
  14  0:33  Barracks  
  14  0:37  SCV  
  15  0:51  SCV  
  15  0:52  Supply Depot  
  16  1:03  SCV  
  17  1:14  Barracks  
  17  1:21  Barracks  
  17  1:32  Supply Depot  
  17  1:36  SCV  
  18  1:48  SCV  
  18  1:49  Marine  
  20  1:57  Refinery  
  20  2:02  Marine  
  20  2:07  Marine  
  22  2:13  Barracks  
  22  2:20  Marine x2  
  24  2:25  Marine  
  25  2:30  Orbital Command  
  25  2:38  Marine x2  
  25  2:42  Marine  
  28  2:56  Marine x2  
  30  3:00  Marine  
  30  3:13  Marine x2  
  30  3:14  Marine  
  30  3:18  Marine  
  33  3:30  Marine  
  33  3:31  Marine x2  
  36  3:36  Marine  
  37  3:48  Marine  
  37  3:49  Marine  
  37  3:52  Marine  
  39  3:58  Marine  
  39  4:28  Supply Depot  
  39  4:30  Marine  
  39  4:49  Marine x4  
  39  4:51  Supply Depot  
  38  5:07  Marine x4  
  37  5:14  Supply Depot  
  33  5:22  Factory  
  33  5:24  Marine x4  
  33  5:37  Supply Depot  
  33  5:42  Marine x4  
  37  6:00  Marine x4  
  41  6:06  Factory Tech Lab  
  41  6:08  Factory  
  41  6:18  Marine x4  
Show
View Real Time Build Order
Export as new Build Order

qqq Zerg - Winner!

Build Orders: Hatch First 

Get SALT Encoding   

  12  0:06  Drone  
  13  0:11  Drone  
  14  0:36  Hatchery  
  13  0:52  Spawning Pool  
  13  0:56  Drone  
  13  0:59  Extractor  
  12  1:06  Overlord  
  12  1:13  Drone  
  13  1:21  Drone  
  14  1:41  Zergling x2  
  14  1:42  Roach Warren  
  14  1:43  Drone  
  15  1:48  Zergling x2  
  15  1:53  Drone  
  17  1:58  Zergling x2  
  18  2:18  Zergling x2  
  18  2:19  Metabolic Boost, Zergling x2  
  18  2:22  Drone  
  21  2:29  Roach  
  23  2:33  Drone  
  24  2:42  Roach  
  24  2:44  Drone  
  24  3:00  Overlord x2  
  24  3:17  Overlord  
  22  3:20  Drone x3  
  25  3:29  Roach x2  
  25  3:34  Drone  
  30  3:45  Zergling x4  
  32  4:05  Roach x2  
  36  4:20  Lair  
  36  4:21  Roach  
  36  4:22  Roach x2  
  36  4:23  Roach  
  39  4:35  Roach  
  39  4:36  Roach  
  42  4:44  Drone  
  43  4:50  Overlord  
  43  4:51  Overlord  
  43  5:03  Hatchery  
  42  5:13  Roach  
  42  5:14  Roach  
  46  5:23  Zergling x2  
  46  5:24  Roach x2  
  46  5:25  Zergling x2  
  50  5:46  Roach x2  
  48  6:01  Roach x2  
  52  6:11  Roach  
  52  6:12  Drone x3  
Tags
 
Add a new tag
Caveats
  • Supply blocks, unpowered buildings, or Contaminate may cause inaccurate times.
  • Supply counts are checked every 10 seconds.